 Dungeon Crawl Stone Soup version 0.29-a0-392-g297d3b089c (webtiles) character file.

Game seed: 6049207100513885141

4487 holysushi the Fighter (level 10, -3/111 HPs)
             Began as an Ogre Chaos Knight on May 8, 2022.
             Was a Plaything of Xom.
             Slain by a four-headed hydra (8 damage)
             ... on level 6 of the Dungeon.
             The game lasted 00:19:39 (13637 turns).

holysushi the Fighter (Ogre Chaos Knight)          Turns: 13637, Time: 00:19:40

Health: -3/111     AC:  5    Str: 15 (16) XL:     10   Next: 38%
Magic:  10/10      EV: 11    Int: 13      God:    Xom [.*....]
Gold:   410        SH:  0    Dex: 10 (12) Spells: 8/9 levels left

rFire   . . .      SeeInvis .   a - +0 mace (chaos)
rCold   . . .      Faith    .   (no shield)
rNeg    . . .      Spirit   .   b - +2 robe
rPois   .          Reflect  .   (helmet restricted)
rElec   .          Harm     .   (no cloak)
rCorr   .          Rampage  .   (gloves unavailable)
Will    +....                   (boots unavailable)
Stlth   +.........              (no amulet)
HPRegen 0.28/turn               (no ring)
MPRegen 0.12/turn               (no ring)

@: no status effects
A: large, unfitting armour, tough skin 1, claws 1, hooves 1, deterioration 1,
mutation resistance 1, screaming 1, weak 1
a: Renounce Religion


You were on level 6 of the Dungeon.
You worshipped Xom.
You were a plaything of Xom.
You visited 1 branch of the dungeon, and saw 7 of its levels.
You also visited: Sewer and Bailey.

You collected 500 gold pieces.
You spent 90 gold pieces at shops.

Inventory:

Hand Weapons
 a - a +0 mace of chaos (weapon)
 g - a +1 whip of distortion
 o - a +0 arbalest of chaos
Armour
 b - a +2 robe (worn)
Jewellery
 s - a ring of ice
Wands
 k - a wand of flame (10)
 l - a wand of iceblast (7)
Scrolls
 e - a scroll of brand weapon
 f - a scroll of amnesia
 i - 5 scrolls of noise
 q - 2 scrolls of enchant armour
 t - a scroll of fog
Potions
 h - a potion of cancellation
 j - 2 potions of curing
 m - a potion of might
 n - 2 potions of ambrosia
 p - a potion of resistance
Miscellaneous
 c - a piece from Xom's chessboard (3/15) (quivered)


   Skills:
 + Level 10.9 Fighting
 * Level 10.5 Maces & Flails
 + Level 6.1 Dodging


You had 8 spell levels left.
You knew the following spells:

 Your Spells              Type           Power      Damage    Failure   Level
a - Apportation           Tloc           0%         N/A       30%         1

Your spell library contained the following spells:

 Spells                   Type           Power      Damage    Failure   Level
 Animate Skeleton         Necr           0%         N/A       30%         1
 Pain                     Necr           0%         1d4       30%         1
 Summon Small Mammal      Summ           0%         N/A       30%         1
 Inner Flame              Hex/Fire       0%         N/A       67%         3
 Vampiric Draining        Necr           0%         2d6       67%         3
 Cause Fear               Hex            0%         N/A       97%         4
 Discord                  Hex            0%         N/A       100%        8


Dungeon Overview and Level Annotations

Branches:
Dungeon (7/15)             Temple (0/1) D:6           Sewer (visited)
 Bailey (visited)

Altars:
Ashenzari
Cheibriados
Okawaru
Qazlal
Xom
Zin
The Shining One

Annotations:
D:5 exclusion: 2 downstairs
D:6 exclusion: downstairs


Innate Abilities, Weirdness & Mutations

You are too large for most types of armour.
You have tough skin. (AC +1)
You have sharp fingernails.
You have large cloven feet.
Your body sometimes deteriorates upon taking damage.
You are somewhat resistant to further mutation.
You occasionally shout uncontrollably at your foes.
You are weak. (Str -2)


Message History

Something bites you. x4
* * * LOW HITPOINT WARNING * * *
There is a stone staircase leading up here.
Something bites you.
* * * LOW HITPOINT WARNING * * *
Something bites you but does no damage. Something bites you!
* * * LOW HITPOINT WARNING * * *
Something bites you.
* * * LOW HITPOINT WARNING * * *
Something bites you.
* * * LOW HITPOINT WARNING * * *
Something bites you.
* * * LOW HITPOINT WARNING * * *
Something bites you!
* * * LOW HITPOINT WARNING * * *
Something bites you.
* * * LOW HITPOINT WARNING * * *
You climb upwards.
Level annotation: exclusion: downstairs Reactivating autopickup.
There is a stone staircase leading down here.
Okay, then.
You feel much better. Something bites you but does no damage.
Deactivating autopickup; reactivate with Ctrl-A.
Something bites you.
* * * LOW HITPOINT WARNING * * *
Something bites you!
* * * LOW HITPOINT WARNING * * *
Something bites you.
* * * LOW HITPOINT WARNING * * *
You feel much better. Something bites you.
* * * LOW HITPOINT WARNING * * *
Something bites you.
* * * LOW HITPOINT WARNING * * *
Something bites you.
* * * LOW HITPOINT WARNING * * *
Something bites you!
* * * LOW HITPOINT WARNING * * *
Something bites you!
You die...

########## ##...##...##
##..@{......## #............# ###
########............#####.##
######.....########......##......
#..>.#°..°.#.○....#.....##....#..
#....#.....#......#....##.....#..
#....#(....○.#.#..#..####...#.#.#
##..©#©....°...©.○#©..###....###.
.....#.....○.#.#..#....#..#...#..


There were no monsters in sight!

Vanquished Creatures
  A hydra (D:5)
  A cane toad (D:3)
  Grinder (D:4)
  A fire bat (D:6)
  A steam dragon (D:5)
  2 water moccasins
  3 sky beasts
  An orc warrior (Bailey)
  A black bear (D:5)
  4 ice beasts
  2 centaurs (D:5)
  2 phantoms
  A bullfrog (D:7)
  2 necrophages
  4 scorpions
  2 howler monkeys (D:7)
  3 bullfrog zombies (D:6)
  6 jellies
  5 hounds
  2 centaur zombies (D:6)
  5 orc priests
  A centaur skeleton (D:6)
  2 iguanas
  Natasha (twice) (D:2)
  3 orc wizards
  2 killer bee zombies (D:6)
  Robin (D:2)
  A howler monkey zombie (D:6)
  2 river rats
  3 adders
  An ufetubus (D:5)
  3 worms
  3 dart slugs
  31 orcs
  17 endoplasms
  4 giant cockroaches
  19 goblins
  7 hobgoblins
  6 kobolds
  16 ball pythons
  3 bats (D:3)
  9 frilled lizards
  8 rats
194 creatures vanquished.

Vanquished Creatures (collateral kills)
  A lemure (D:4)
  Natasha (D:2)
  An ufetubus (D:4)
3 creatures vanquished.

Vanquished Creatures (others)
  An ice beast (D:6)
  A black bear (D:6)
  An orc (D:5)
3 creatures vanquished.

Grand Total: 200 creatures vanquished

Notes
Turn   | Place    | Note
-------+----------+-------------------------------------------
     0 | D:1      | holysushi the Ogre Chaos Knight began the quest for the
                  | Orb.
     0 | D:1      | Reached XP level 1. HP: 24/24 MP: 1/1
    37 | D:1      | XOM: silly message
   136 | D:1      | Found a faded altar of an unknown god.
   137 | D:1      | XOM: silly message
   363 | D:1      | Reached XP level 2. HP: 32/32 MP: 2/2
   992 | D:2      | XOM is BORED!
   992 | D:2      | XOM: silly message
  1011 | D:2      | Noticed Natasha
  1015 | D:2      | XOM: potion effect (haste)
  1023 | D:2      | Killed Natasha
  1024 | D:2      | Reached XP level 3. HP: 27/40 MP: 3/3
  1152 | D:2      | Noticed Robin
  1550 | D:1      | Reached XP level 4. HP: 28/49 MP: 4/4
  1957 | D:2      | Killed Robin
  1999 | D:2      | Noticed Natasha
  2356 | D:1      | XOM: god gift: wand of iceblast (5)
  2471 | D:2      | Killed Natasha
  2472 | D:2      | Reached skill level 5 in Fighting
  2671 | D:2      | Noticed Natasha
  2674 | D:2      | XOM: potion effect (might)
  2685 | D:2      | XOM: cast spell 'Summon Cactus Giant'
  2687 | D:2      | Killed Natasha
  2688 | D:2      | Reached XP level 5. HP: 57/57 MP: 5/5
  2787 | D:2      | XOM: cloud trail
  2853 | D:2      | XOM: god gift: scroll labelled XIFIOSU CIAHOQ {god gift}
  3380 | D:3      | XOM: 1-stop teleportation journey
  3593 | D:3      | Found a snail-covered altar of Cheibriados.
  3601 | D:3      | XOM: scenery: summon butterflies
  3704 | D:3      | Reached skill level 5 in Maces & Flails
  3794 | D:3      | Found a broken altar of Ashenzari.
  3795 | D:3      | Found an iron altar of Okawaru.
  3797 | D:3      | Found a glowing golden altar of the Shining One.
  3821 | D:3      | Reached XP level 6. HP: 49/67 MP: 6/6
  3991 | D:3      | XOM: god gift: 42 gold pieces
  4031 | D:3      | XOM: give mutation
  4031 | D:3      | Gained mutation: You have large cloven feet. [Xom's grace]
  4207 | D:3      | XOM: scenery: create altars
  4229 | D:4      | XOM: 3-stop teleportation journey
  4230 | D:4      | You fall into a shaft and drop 2 floors!
  4244 | D:5      | XOM: stealth player
  4244 | D:5      | Entered Level 5 of the Dungeon
  4292 | D:5      | Noticed a black bear
  4300 | D:5      | XOM: stat loss: -1 Dex (9/10)
  4309 | D:5      | Killed a black bear
  4393 | D:5      | XOM: noise
  4467 | D:4      | Found a glowing drain.
  4475 | D:4      | XOM: blink monster(s)
  4612 | Sewer    | Entered a sewer
  4768 | Sewer    | Reached XP level 7. HP: 76/76 MP: 7/7
  4859 | Sewer    | XOM: torment (23/76 hp)
  4970 | Sewer    | XOM: 3-stop teleportation journey
  5101 | Sewer    | XOM: god gift: 25 gold pieces
  5261 | Sewer    | Found a viscous altar of Jiyva.
  5467 | D:4      | XOM: 1-stop teleportation journey
  5656 | D:4      | Noticed Pikel
  5657 | D:4      | Noticed Grinder
  5662 | D:4      | Paralysed by Grinder for 2 turns
  5679 | D:4      | XOM: confusion (+ monsters)
  5683 | D:4      | XOM: noise
  5751 | D:3      | XOM: silly message
  5882 | D:3      | XOM: silly message
  6489 | D:4      | Identified the +0 leather armour of the Iron City of Dis
                  | {rC- Will+ Regen+}
  6667 | D:4      | Reached XP level 8. HP: 84/87 MP: 8/8
  6741 | D:4      | XOM: enchant monster (good)
  6746 | D:4      | Noticed Pikel
  6746 | D:4      | Pikel changed into Pikel the cane toad
  6746 | D:4      | XOM: polymorph Pikel -> Pikel the cane toad
  6762 | D:3      | Killed Pikel the cane toad
  7304 | D:4      | XOM: silly message
  7305 | D:4      | XOM: silly message
  7317 | D:4      | XOM: potion effect (might)
  7320 | D:4      | Killed Grinder
  7735 | D:5      | XOM: silly message
  7909 | D:5      | XOM: silly message
  8263 | D:5      | XOM: silly message
  8266 | D:5      | Reached XP level 9. HP: 38/97 MP: 9/9
  8274 | D:5      | XOM: silly message
  8622 | D:5      | Found Zin's Purification Station.
  8625 | D:5      | Found a glowing silver altar of Zin.
  8631 | D:5      | Bought a potion of curing for 90 gold pieces
  9135 | D:6      | Noticed a six-headed hydra
  9464 | D:5      | Killed a six-headed hydra
  9465 | D:5      | Reached skill level 5 in Dodging
  9656 | D:5      | Learned a level 1 spell: Apportation
  9664 | D:6      | Found a staircase to the Ecumenical Temple.
  9787 | D:6      | Found a transporter.
  9842 | D:6      | Reached skill level 10 in Fighting
 10042 | D:6      | Found a shimmering altar of Xom.
 10228 | D:6      | XOM: scenery: create altars
 10362 | D:6      | Found a transporter.
 10382 | D:6      | XOM: silly message
 10392 | D:6      | Reached XP level 10. HP: 67/110 MP: 10/10
 10553 | D:6      | XOM: give mutation
 10553 | D:6      | Gained mutation: You occasionally shout uncontrollably at
                  | your foes. [Xom's mischief]
 10614 | D:6      | XOM: enchant monster (bad)
 10629 | D:6      | Reached skill level 10 in Maces & Flails
 10929 | D:6      | XOM: destruction
 11142 | D:6      | Found a stormy altar of Qazlal.
 11212 | D:6      | XOM: give mutation
 11212 | D:6      | Lost mutation: You occasionally shout uncontrollably at
                  | your foes. [Xom's mischief]
 11269 | D:6      | XOM: give mutations
 11269 | D:6      | Gained mutation: You are weak. (Str -2) [Xom's mischief]
 11269 | D:6      | Gained mutation: Your body sometimes deteriorates upon
                  | taking damage. [Xom's mischief]
 11353 | D:6      | XOM: give mutations
 11353 | D:6      | Gained mutation: You occasionally shout uncontrollably at
                  | your foes. [Xom's mischief]
 11353 | D:6      | Gained mutation: You have sharp fingernails. [Xom's
                  | mischief]
 11353 | D:6      | Gained mutation: You are somewhat resistant to further
                  | mutation. [Xom's mischief]
 11368 | D:6      | XOM: confusion (+ monsters)
 11537 | D:6      | XOM: silly message
 11863 | D:7      | XOM: silly message
 12263 | D:7      | Found a flagged portal.
 12330 | Bailey   | Entered a bailey
 12769 | Bailey   | XOM: silly message
 12935 | D:7      | XOM: divination: magic mapping
 13013 | D:7      | XOM: summons 3 hostile demons
 13052 | D:7      | XOM: fake destruction
 13577 | D:7      | Noticed a four-headed hydra
 13634 | D:7      | HP: 5/111 [something (1)]
 13637 | D:6      | Slain by a four-headed hydra

Illustrated notes

Levels and vault maps discovered:
D:1:      nicolae_arrival_somewhat_less_tricky_arrival, layout_basic,
          basic_ecumenical_altar
D:2:      layout_loops_cross, skrybe_limestone_x, uniq_robin, uniq_natasha
D:3:      layout_basic, grunt_temple_overflow_open
D:4:      layout_loops_corners, portal_sewer_entry_b, chequers_hall_statues_y,
          minmay_liquid_box, kennysheep_cluttered_room, uniq_pikel, uniq_grinder
D:5:      layout_rooms, zin_purify, minmay_fountain_box
D:6:      gammafunk_cloud_chamber, layout_rooms, mainiacjoe_overflow_swirl,
          minmay_temple_entry_arrows, serial_undead, serial_undead_a,
          serial_undead_a, serial_undead_a, serial_undead_a,
          minmay_fractal_squares_5
D:7:      layout_basic, serial_curves, eino_curves_03, eino_curves_01,
          enter_bailey_3

Skill      XL: |  1  2  3  4  5  6  7  8  9 10 |
---------------+-------------------------------+-----
Maces & Flails | 3 4 5 7 8 9 10 | 10.5
Fighting       | 5 6 7 8 10 | 10.9
Dodging        | 4 5 6 |  6.1

Action                   |  1- 3 |  4- 6 |  7- 9 | 10-12 || total
-------------------------+-------+-------+-------+-------++-------
Melee: Mace              |    64 |   167 |   283 |   130 ||   644
       Punch             |       |     1 |     4 |     1 ||     6
       Kick              |       |    17 |    93 |    36 ||   146
 Fire: Arbalest          |       |       |       |    17 ||    17
Evoke: Piece from Xom's  |       |     7 |    10 |     8 ||    25
       Wand              |       |     2 |     5 |     2 ||     9
  Use: Scroll            |       |    13 |     8 |     4 ||    25
       Potion            |       |       |     3 |     5 ||     8
 Stab: Petrified         |       |     7 |     1 |       ||     8
       Petrifying        |       |     1 |     2 |       ||     3
       Sleeping          |       |     1 |       |       ||     1
       Paralysed         |       |       |     6 |       ||     6
       Confused          |       |       |     2 |     1 ||     3
       Invisible         |       |       |       |     4 ||     4
Armor: Robe              |    31 |    65 |   109 |    52 ||   257
Dodge: Dodged            |    35 |    83 |   168 |    97 ||   383

Table legend: (Time is in decaauts)
 A = Elapsed time spent in this place.
 B = Non-inter-level travel time spent in this place.
 C = Inter-level travel time spent in this place.
 D = Time resting spent in this place.
 E = Time spent auto-exploring this place.
 F = Levels seen in this place.
 G = Mean time per level.
                   A        B        C        D        E       F      G
               +--------+--------+--------+--------+--------+-----+--------+
         Total |  13741 |  13258 |    483 |   6636 |   3814 |   9 | 1526.8 |
       Dungeon |  12416 |  11933 |    483 |   5975 |   3618 |   7 | 1773.7 |
         Sewer |    790 |    790 |      0 |    289 |    196 |   1 |  790.0 |
        Bailey |    534 |    534 |      0 |    371 |      0 |   1 |  534.0 |
               +--------+--------+--------+--------+--------+-----+--------+

Top non-repeatable levels by time:
     D:4: 2642 daAuts
     D:6: 2312 daAuts
     D:1: 1979 daAuts
     D:3: 1938 daAuts
     D:5: 1535 daAuts
     D:7: 1068 daAuts
     D:2: 938 daAuts
   Sewer: 790 daAuts
  Bailey: 534 daAuts
